| TOP OF THE 1ST |
|
Dallas-Fort Worth Rangers batting - Pitching for San Antonio Missions : RHP William Fewox
|
|
Pitching: RHP William Fewox
|
|
|
Batting: LHB Stan Levi
|
0-0: Ball 1-0: Ball 2-0: Single, Error in OF, E8, batter to second base (Groundball, 6D, EV 98.1 MPH)
|
|
Batting: RHB Alex Zermeno
|
0-0: Called Strike 0-1: Ball 1-1: Called Strike 1-2: Strikes out swinging
|
|
Batting: RHB Terry Lee
|
0-0: Foul Ball, location: 2F 0-1: Called Strike 0-2: SINGLE (Groundball, 56D, EV 106.3 MPH) Stan Levi to third Runner from 3rd tries for Home, SAFE, throw by LF to home
|
|
Batting: LHB Sid Bream
|
0-0: Called Strike 0-1: Ball 1-1: Foul Ball, location: 2F 1-2: Ball 2-2: TRIPLE (Flyball, 9D, EV 96.3 MPH) Terry Lee scores
|
|
Batting: RHB Dave Aponte
|
0-0: Called Strike 0-1: Foul Ball, location: 2F 0-2: Ball 1-2: Strikes out swinging
|
|
Batting: LHB Garcia Gutierrez
|
0-0: Ball 1-0: Called Strike 1-1: Fly out, F7 (Line Drive, 7D, EV 103.8 MPH)
|
| Top of the 1st over - 2 runs, 3 hits, 1 error, 1 left on base; Dallas-Fort Worth 2 - San Antonio 0 |
| BOTTOM OF THE 1ST |
|
San Antonio Missions batting - Pitching for Dallas-Fort Worth Rangers : RHP Brian Denman
|
|
Pitching: RHP Brian Denman
|
|
|
Batting: RHB Ivan Calderon
|
0-0: Fly out, F8 (Line Drive, 8LM, EV 86.9 MPH)
|
|
Batting: RHB Andrew Walker
|
0-0: Foul Ball, location: 2F 0-1: Called Strike 0-2: Ground out 4-3 (Groundball, 4, EV 80.0 MPH)
|
|
Batting: LHB Lee Pruitt
|
0-0: Ball 1-0: Ball 2-0: Called Strike 2-1: Ball 3-1: Fly out, F7 (Flyball, 7LS, EV 84.4 MPH)
|
| Bottom of the 1st over - 0 runs, 0 hits, 0 errors, 0 left on base; Dallas-Fort Worth 2 - San Antonio 0 |
| TOP OF THE 2ND |
|
Dallas-Fort Worth Rangers batting - Pitching for San Antonio Missions : RHP William Fewox
|
|
Batting: LHB Mo Ching
|
0-0: Swinging Strike 0-1: Ball 1-1: Ball 2-1: Ball 3-1: Called Strike 3-2: Foul Ball, location: 2F 3-2: Strikes out swinging
|
|
Batting: LHB Daryl Fazzio
|
0-0: Called Strike 0-1: Ball 1-1: Foul Ball, location: 2F 1-2: Ball 2-2: Ball 3-2: Base on Balls
|
|
Batting: RHB Ross Jones
|
0-0: Ball 1-0: Ball 2-0: Called Strike 2-1: Ball 3-1: Base on Balls Daryl Fazzio to second
|
|
Batting: LHB Stan Levi
|
0-0: Called Strike 0-1: Grounds into double play, 6-4-3 (Groundball, 6, EV 93.1 MPH)
|
| Top of the 2nd over - 0 runs, 0 hits, 0 errors, 1 left on base; Dallas-Fort Worth 2 - San Antonio 0 |
| BOTTOM OF THE 2ND |
|
San Antonio Missions batting - Pitching for Dallas-Fort Worth Rangers : RHP Brian Denman
|
|
Batting: RHB Larry Hamilton
|
0-0: Ball 1-0: Ball 2-0: Foul Ball, location: 2F 2-1: Foul Ball, location: 2F 2-2: Fly out, F9 (Line Drive, 9, EV 108.8 MPH)
|
|
Batting: LHB Steven Fortune
|
0-0: Called Strike 0-1: SINGLE (Groundball, 4D, EV 106.3 MPH)
|
|
Batting: RHB Jack Clark
|
0-0: SINGLE (Flyball, 6D, EV 87.5 MPH) Steven Fortune to second
|
|
Batting: RHB Ed Hearn
|
0-0: Called Strike 0-1: Ball 1-1: Ball 2-1: SINGLE (Groundball, 6MD, EV 104.4 MPH) Steven Fortune to third Jack Clark to second Runner from 3rd tries for Home, SAFE, throw by CF to home
|
|
Batting: RHB Amos Lewis
|
0-0: Ball 1-0: Called Strike 1-1: Called Strike 1-2: Ball 2-2: Grounds into double play, 4-6-3 (Groundball, 4, EV 97.5 MPH)
|
| Bottom of the 2nd over - 1 run, 3 hits, 0 errors, 1 left on base; Dallas-Fort Worth 2 - San Antonio 1 |
| TOP OF THE 3RD |
|
Dallas-Fort Worth Rangers batting - Pitching for San Antonio Missions : RHP William Fewox
|
|
Batting: RHB Alex Zermeno
|
0-0: Foul Ball, location: 2F 0-1: Ball 1-1: Ball 2-1: Swinging Strike 2-2: Foul Ball, location: 2F 2-2: Ball 3-2: Foul Ball, location: 2F 3-2: Foul Ball, location: 2F 3-2: Strikes out swinging
|
|
Batting: RHB Terry Lee
|
0-0: Ball 1-0: Ball 2-0: Ball 3-0: Base on Balls
|
|
Batting: LHB Sid Bream
|
0-0: Ball 1-0: Ball Terry Lee steals 2nd base 2-0: Ball 3-0: Called Strike 3-1: Foul Ball, location: 2F 3-2: Base on Balls
|
|
Batting: RHB Dave Aponte
|
0-0: Swinging Strike 0-1: Foul Ball, location: 2F 0-2: Strikes out swinging
|
|
Batting: LHB Garcia Gutierrez
|
0-0: Ground out 4-3 (Groundball, 4, EV 91.3 MPH)
|
| Top of the 3rd over - 0 runs, 0 hits, 0 errors, 2 left on base; Dallas-Fort Worth 2 - San Antonio 1 |
| BOTTOM OF THE 3RD |
|
San Antonio Missions batting - Pitching for Dallas-Fort Worth Rangers : RHP Brian Denman
|
|
Batting: RHB Houston Jimenez
|
0-0: Foul Ball, location: 2F 0-1: Ball 1-1: Fly out, F8 (Line Drive, 8LD, EV 98.1 MPH)
|
|
Batting: RHB Ivan Calderon
|
0-0: Ball 1-0: Fly out, F8 (Flyball, 78D, EV 105.6 MPH)
|
|
Batting: RHB Andrew Walker
|
0-0: Ball 1-0: Foul Ball, location: 2F 1-1: Ball 2-1: Swinging Strike 2-2: Strikes out swinging
|
| Bottom of the 3rd over - 0 runs, 0 hits, 0 errors, 0 left on base; Dallas-Fort Worth 2 - San Antonio 1 |
| TOP OF THE 4TH |
|
Dallas-Fort Worth Rangers batting - Pitching for San Antonio Missions : RHP William Fewox
|
|
Batting: LHB Mo Ching
|
0-0: Foul Ball, location: 2F 0-1: Ball 1-1: Swinging Strike 1-2: Ball 2-2: Foul Ball, location: 2F 2-2: Foul Ball, location: 2F 2-2: Foul Ball, location: 2F 2-2: Ball 3-2: Foul Ball, location: 2F 3-2: SINGLE (Groundball, 4D, EV 98.1 MPH)
|
|
Batting: LHB Daryl Fazzio
|
0-0: Ball 1-0: Ball 2-0: Foul Ball, location: 2F 2-1: Swinging Strike 2-2: Foul Ball, location: 2F 2-2: Strikes out swinging
|
|
Batting: RHB Ross Jones
|
0-0: Ball 1-0: Ball 2-0: Ball 3-0: Called Strike 3-1: SINGLE (Groundball, 4D, EV 108.8 MPH) Mo Ching to second
|
|
Batting: LHB Stan Levi
|
0-0: Called Strike 0-1: Called Strike 0-2: Ball 1-2: Foul Ball, location: 2F 1-2: Ball 2-2: Fielders Choice at 2nd, 3-6 (Groundball, 34, EV 91.9 MPH) Mo Ching to third
|
|
Batting: RHB Alex Zermeno
|
0-0: Called Strike 0-1: Foul Ball, location: 2F 0-2: Foul Ball, location: 2F 0-2: Ball 1-2: Ball 2-2: Fly out, F9 (Flyball, 9, EV 66.3 MPH)
|
| Top of the 4th over - 0 runs, 2 hits, 0 errors, 2 left on base; Dallas-Fort Worth 2 - San Antonio 1 |
| BOTTOM OF THE 4TH |
|
San Antonio Missions batting - Pitching for Dallas-Fort Worth Rangers : RHP Brian Denman
|
|
Batting: LHB Lee Pruitt
|
0-0: Called Strike 0-1: Fly out, F2 (Popup, 5SF, EV 76.9 MPH)
|
|
Batting: RHB Larry Hamilton
|
0-0: Ball 1-0: Ball 2-0: Ball 3-0: Base on Balls
|
|
Batting: LHB Steven Fortune
|
0-0: SINGLE (Line Drive, 78S, EV 105.0 MPH) Larry Hamilton to second
|
|
Batting: RHB Jack Clark
|
0-0: Ball 1-0: Called Strike 1-1: Ball 2-1: Called Strike 2-2: 3-RUN HOME RUN (Line Drive, 89XD, EV 98.8 MPH), Distance : 395 ft
|
|
Batting: RHB Ed Hearn
|
0-0: Ground out 4-3 (Groundball, 4MD, EV 101.9 MPH)
|
|
Batting: RHB Amos Lewis
|
0-0: Called Strike 0-1: Ball 1-1: Ball 2-1: Foul Ball, location: 2F 2-2: Ball 3-2: Fly out, F9 (Flyball, 9, EV 93.1 MPH)
|
| Bottom of the 4th over - 3 runs, 2 hits, 0 errors, 0 left on base; Dallas-Fort Worth 2 - San Antonio 4 |
| TOP OF THE 5TH |
|
Dallas-Fort Worth Rangers batting - Pitching for San Antonio Missions : RHP William Fewox
|
|
Batting: RHB Terry Lee
|
0-0: Ball 1-0: Called Strike 1-1: Foul Ball, location: 2F 1-2: Ball 2-2: Strikes out looking
|
|
Batting: LHB Sid Bream
|
0-0: Ball 1-0: Hit by Pitch
|
|
Batting: RHB Dave Aponte
|
0-0: Fly out, F9 (Flyball, 9D, EV 97.5 MPH)
|
|
Batting: LHB Garcia Gutierrez
|
0-0: Foul Ball, location: 2F 0-1: Fielders Choice at 2nd, 6-4 (Groundball, 6, EV 87.5 MPH)
|
| Top of the 5th over - 0 runs, 0 hits, 0 errors, 1 left on base; Dallas-Fort Worth 2 - San Antonio 4 |
| BOTTOM OF THE 5TH |
|
San Antonio Missions batting - Pitching for Dallas-Fort Worth Rangers : RHP Brian Denman
|
|
Batting: RHB Houston Jimenez
|
0-0: Foul Ball, location: 2F 0-1: Ground out 6-3 (Groundball, 6, EV 81.3 MPH)
|
|
Batting: RHB Ivan Calderon
|
0-0: DOUBLE (Line Drive, 7LM, EV 98.8 MPH)
|
|
Batting: RHB Andrew Walker
|
0-0: Ball 1-0: SINGLE (Line Drive, 4D, EV 95.0 MPH) Ivan Calderon to third
|
|
Batting: LHB Lee Pruitt
|
0-0: Ball Andrew Walker steals 2nd base 1-0: Ball 2-0: Called Strike 2-1: SINGLE (Groundball, 34D, EV 99.4 MPH) Ivan Calderon scores Andrew Walker to third Runner from 3rd tries for Home, SAFE, throw by RF to home
|
|
Pitching: RHP Randy McGilberry
|
|
|
Batting: RHB Larry Hamilton
|
0-0: Foul Ball, location: 2F 0-1: Ball 1-1: SINGLE (Line Drive, 89S, EV 106.9 MPH) Lee Pruitt to second
|
|
Batting: LHB Steven Fortune
|
0-0: Ground out 3-1 (Groundball, 23, EV 84.4 MPH) Lee Pruitt to third Larry Hamilton to second
|
|
Batting: RHB Jack Clark
|
0-0: Ball 1-0: Fly out, F9 (Line Drive, 9, EV 92.5 MPH)
|
| Bottom of the 5th over - 2 runs, 4 hits, 0 errors, 2 left on base; Dallas-Fort Worth 2 - San Antonio 6 |
| TOP OF THE 6TH |
|
Dallas-Fort Worth Rangers batting - Pitching for San Antonio Missions : RHP William Fewox
|
|
Batting: LHB Mo Ching
|
0-0: Called Strike 0-1: Ball 1-1: Swinging Strike 1-2: Ball 2-2: Strikes out swinging
|
|
Batting: LHB Daryl Fazzio
|
0-0: SINGLE (Line Drive, 3L, EV 97.5 MPH)
|
|
Batting: RHB Ross Jones
|
0-0: Called Strike 0-1: Foul Ball, location: 2F 0-2: Ball 1-2: Strikes out swinging
|
|
Batting: LHB Stan Levi
|
0-0: Ball 1-0: Ball 2-0: Ground out 4-3 (Groundball, 4, EV 105.6 MPH)
|
| Top of the 6th over - 0 runs, 1 hit, 0 errors, 1 left on base; Dallas-Fort Worth 2 - San Antonio 6 |
| BOTTOM OF THE 6TH |
|
San Antonio Missions batting - Pitching for Dallas-Fort Worth Rangers : RHP Randy McGilberry
|
|
Batting: RHB Ed Hearn
|
0-0: Ball 1-0: Called Strike 1-1: Ball 2-1: Ground out 6-3 (Groundball, 56, EV 78.1 MPH)
|
|
Batting: RHB Amos Lewis
|
0-0: Foul Ball, location: 2F 0-1: Ball 1-1: Ball 2-1: Swinging Strike 2-2: Ground out 5-3 (Groundball, 56, EV 103.8 MPH)
|
|
Batting: RHB Houston Jimenez
|
0-0: Ball 1-0: Ball 2-0: Fly out, F8 (Flyball, 8LD, EV 86.9 MPH)
|
| Bottom of the 6th over - 0 runs, 0 hits, 0 errors, 0 left on base; Dallas-Fort Worth 2 - San Antonio 6 |
| TOP OF THE 7TH |
|
Dallas-Fort Worth Rangers batting - Pitching for San Antonio Missions : RHP William Fewox
|
|
Batting: RHB Alex Zermeno
|
0-0: Called Strike 0-1: Called Strike 0-2: Foul Ball, location: 2F 0-2: Fly out, F4 (Line Drive, 4, EV 70.0 MPH)
|
|
Batting: RHB Terry Lee
|
0-0: Called Strike 0-1: Ball 1-1: Foul Ball, location: 2F 1-2: SINGLE (Line Drive, 9LS, EV 98.8 MPH)
|
|
Batting: LHB Sid Bream
|
0-0: DOUBLE (Line Drive, 7LS, EV 108.8 MPH) Terry Lee to third
|
|
Batting: RHB Dave Aponte
|
0-0: Ball 1-0: SINGLE (Groundball, 6M, EV 85.6 MPH) (infield hit) Terry Lee scores Sid Bream to third
|
|
Batting: LHB Garcia Gutierrez
|
0-0: Fly out, F9 (Flyball, 9, EV 83.1 MPH) Runner from 3rd tags up, SCORES, no throw by RF
|
|
Batting: LHB Mo Ching
|
0-0: Ball 1-0: Foul Ball, location: 2F 1-1: Ground out 6-3 (Groundball, 4MS, EV 83.1 MPH)
|
| Top of the 7th over - 2 runs, 3 hits, 0 errors, 1 left on base; Dallas-Fort Worth 4 - San Antonio 6 |
| BOTTOM OF THE 7TH |
|
San Antonio Missions batting - Pitching for Dallas-Fort Worth Rangers : RHP Randy McGilberry
|
|
Batting: RHB Ivan Calderon
|
0-0: Foul Ball, location: 2F 0-1: Called Strike 0-2: Strikes out swinging
|
|
Batting: RHB Andrew Walker
|
0-0: Ball 1-0: Fly out, F3 (Popup, 3S, EV 72.5 MPH)
|
|
Pitching: RHP Tom McGough
|
|
|
Batting: LHB Lee Pruitt
|
0-0: Foul Ball, location: 2F 0-1: Swinging Strike 0-2: Ball 1-2: Foul Ball, location: 2F 1-2: Ball 2-2: Ball 3-2: SINGLE (Groundball, 34D, EV 101.3 MPH)
|
|
Batting: RHB Larry Hamilton
|
0-0: Ball 1-0: Called Strike 1-1: Foul Ball, location: 2F 1-2: Foul Ball, location: 2F 1-2: Foul Ball, location: 2F 1-2: Foul Ball, location: 2F 1-2: Foul Ball, location: 2F 1-2: Foul Ball, location: 2F 1-2: Ball 2-2: Ball 3-2: Foul Ball, location: 2F 3-2: Ground out 6-3 (Groundball, 56, EV 100.6 MPH)
|
| Bottom of the 7th over - 0 runs, 1 hit, 0 errors, 1 left on base; Dallas-Fort Worth 4 - San Antonio 6 |
| TOP OF THE 8TH |
|
Dallas-Fort Worth Rangers batting - Pitching for San Antonio Missions : RHP William Fewox
|
|
Batting: LHB Daryl Fazzio
|
0-0: Ball 1-0: Called Strike 1-1: Fly out, F3 (Line Drive, 4, EV 70.6 MPH)
|
|
Batting: RHB Ross Jones
|
0-0: Ball 1-0: Called Strike 1-1: SOLO HOME RUN (Flyball, 7D, EV 97.5 MPH), Distance : 374 ft
|
|
Batting: LHB Stan Levi
|
0-0: Foul Ball, location: 2F 0-1: Fly out, F5 (Popup, 5F, EV 75.6 MPH)
|
|
Batting: RHB Alex Zermeno
|
0-0: Foul Ball, location: 2F 0-1: Called Strike 0-2: Ball 1-2: Foul Ball, location: 2F 1-2: Ground out 5-3 (Groundball, 5S, EV 85.6 MPH)
|
| Top of the 8th over - 1 run, 1 hit, 0 errors, 0 left on base; Dallas-Fort Worth 5 - San Antonio 6 |
| BOTTOM OF THE 8TH |
|
San Antonio Missions batting - Pitching for Dallas-Fort Worth Rangers : RHP Tom McGough
|
|
Batting: LHB Steven Fortune
|
0-0: Ball 1-0: Foul Ball, location: 2F 1-1: Ball 2-1: Ball 3-1: Foul Ball, location: 2F 3-2: SINGLE (Groundball, 4MD, EV 99.4 MPH)
|
|
Batting: RHB Jack Clark
|
0-0: Called Strike 0-1: Called Strike 0-2: Ground out 3-1 (Groundball, 23, EV 78.8 MPH) Steven Fortune to second
|
|
Batting: RHB Ed Hearn
|
0-0: Ball 1-0: Foul Ball, location: 2F 1-1: Ground out 4-3 (Groundball, 4M, EV 101.3 MPH) Steven Fortune to third
|
|
Batting: RHB Amos Lewis
|
0-0: Intentional Walk
|
|
Batting: RHB Houston Jimenez
|
0-0: Called Strike 0-1: Ground out 5-3 (Groundball, 56S, EV 86.3 MPH)
|
| Bottom of the 8th over - 0 runs, 1 hit, 0 errors, 2 left on base; Dallas-Fort Worth 5 - San Antonio 6 |
| TOP OF THE 9TH |
|
Dallas-Fort Worth Rangers batting - Pitching for San Antonio Missions : RHP William Fewox
|
|
Pitching: RHP James Herring
|
|
|
Batting: RHB Terry Lee
|
0-0: Ball 1-0: SINGLE (Line Drive, 56D, EV 97.5 MPH)
|
|
Batting: LHB Sid Bream
|
0-0: Called Strike 0-1: Called Strike 0-2: Ball 1-2: Foul Ball, location: 2F 1-2: Fly out, F3 (Popup, 23F, EV 82.5 MPH)
|
|
Batting: RHB Dave Aponte
|
0-0: Ball 1-0: Ball 2-0: Ball 3-0: Called Strike 3-1: SINGLE (Line Drive, 89D, EV 96.9 MPH) Terry Lee to second Runner from 2nd tries for 3rd, SAFE, throw by RF made to third
|
|
Batting: LHB Garcia Gutierrez
|
0-0: Foul Ball, location: 2F 0-1: Ball 1-1: Fly out, F9 (Flyball, 9, EV 88.1 MPH) Runner from 3rd tags up, SCORES, throw by RF
|
|
Batting: LHB Mo Ching
|
0-0: Swinging Strike 0-1: Called Strike 0-2: Ball 1-2: Ball Dave Aponte steals 2nd base 2-2: Fly out, F5 (Flyball, 5D, EV 89.4 MPH)
|
| Top of the 9th over - 1 run, 2 hits, 0 errors, 1 left on base; Dallas-Fort Worth 6 - San Antonio 6 |
| BOTTOM OF THE 9TH |
|
San Antonio Missions batting - Pitching for Dallas-Fort Worth Rangers : RHP Tom McGough
|
|
Pitching: RHP Luis Cardenas
|
|
|
Batting: RHB Ivan Calderon
|
0-0: Foul Ball, location: 2F 0-1: Foul Ball, location: 2F 0-2: Ball 1-2: Foul Ball, location: 2F 1-2: Strikes out swinging
|
|
Batting: RHB Andrew Walker
|
0-0: SOLO HOME RUN (Flyball, 78XD, EV 114.4 MPH), Distance : 412 ft
|
| Bottom of the 9th over - 1 run, 1 hit, 0 errors, 0 left on base; Dallas-Fort Worth 6 - San Antonio 7 |
| GAME OVER ... SAN ANTONIO DEFEATS DALLAS |
|
Fort Worth, 7 to 6
|
|
|